 Dungeon Crawl Stone Soup version 0.27-a0-1273-gec92ba881d (webtiles) character file.

Game seed: 2122457654989596794

3131 nikku the Cleaver (level 9, 85/85 HPs)
             Began as a Minotaur Berserker on June 11, 2021.
             Was a Priest of Trog.
             Quit the game on level 8 of the Dungeon on Sept 17, 2021.
             The game lasted 00:13:31 (7128 turns).

nikku the Cleaver (Minotaur Berserker)              Turns: 7128, Time: 00:13:32

Health: 85/85      AC: 16    Str: 26    XL:     9   Next: 61%
Magic:  8/8        EV:  8    Int:  4    God:    Trog [***...]
Gold:   411        SH:  0    Dex:  9    Spells: 8/8 levels left

rFire    . . .     SeeInvis .   m - +0 war axe
rCold    . . .     Faith    .   (no shield)
rNeg     . . .     Spirit   .   e - +0 plate armour
rPois    .         Reflect  .   (helmet restricted)
rElec    .         Harm     .   k - +1 cloak
rCorr    .         Rampage  .   (no gloves)
Will     .....                  (no boots)
Stlth    ..........             (no amulet)
HPRegen  0.24/turn              (no ring)
MPRegen  0.11/turn              (no ring)

@: no status effects
A: horns 2, retaliatory headbutt
a: Renounce Religion, Berserk, Trog's Hand


You were on level 8 of the Dungeon.
You worshipped Trog.
Trog was most pleased with you.
You visited 1 branch of the dungeon, and saw 8 of its levels.

You collected 411 gold pieces.

Inventory:

Hand Weapons
 m - a +0 war axe (weapon)
Armour
 e - a +0 plate armour (worn)
 k - a +1 cloak (worn)
Jewellery
 f - a ring of positive energy
Wands
 n - a wand of digging (8)
 o - a wand of polymorph (13)
Scrolls
 g - 2 scrolls of immolation
 h - 5 scrolls of teleportation
Potions
 a - a potion of brilliance {unknown}
 b - 4 potions of ambrosia
 c - 6 potions of curing
 d - 4 potions of heal wounds
 i - a potion of resistance {unknown}
 j - 3 potions of haste {unknown}
 l - 2 potions of lignification {unknown}
 q - a potion of cancellation {unknown}
 r - a potion of might {unknown}
 s - a potion of flight {unknown}


   Skills:
 + Level 10.0 Fighting
 + Level 10.1 Axes
 + Level 9.6 Armour
 - Level 2.1 Dodging


You had 8 spell levels left.
You didn't know any spells.
Your spell library was empty.

Dungeon Overview and Level Annotations

Branches:
Dungeon (8/15)             Temple (0/1) D:6
   Lair: D:8-11

Altars:
Hepliaklqana
Kikubaaqudgha
Ru
Sif Muna
The Shining One

Shops:
D:5 *


Innate Abilities, Weirdness & Mutations

You have a pair of horns on your head.
You reflexively headbutt those who attack you in melee.


Message History

You feel sick.
Your Fighting skill increases to level 10!
You feel sick.
You feel the effects of Trog's Hand fading.
You feel sick.
You feel sick.
You feel sick.
You are no longer poisoned.
Your skin stops crawling.
You feel less strong-willed.
You see here a +0 hand crossbow.
You open the door.
There is an open door here.
You open the door.
There is an open door here.
You open the door.
There is an open door here.
c - 6 potions of curing (gained 1)
You open the door.
There is an open door here.
There is an open door here.
You see here a +0 hand crossbow.
Done exploring.
Done exploring.
As you read the scroll labelled DUSMAGITOFE, it crumbles to dust.
You assume a fearsome visage.
Nothing appears to happen.
It was a scroll of fear.
Okay, then.
(D) Dungeon (T) Temple
Where to? (Enter - D:7, ? - help)
There is a stone staircase leading down here.
You climb downwards.
There is a stone staircase leading up here.
Welcome back, nikku the Minotaur Berserker.
Trog says: Kill them all!
Welcome back, nikku the Minotaur Berserker.
Trog says: Kill them all!
Press ? for a list of commands and other information.
Your movement speed is average.
Your attack delay is about 0.9.
Clearing level map.
Are you sure you want to abandon this character and quit the game? (Confirm with "yes".)

#######
.....#
#....#
#....#####
#.........
#.<..#
#.@..#
#....#
###..#
.... ..###
.## .# .#


There were no monsters in sight!

Vanquished Creatures
  A manticore (D:6)
  Grinder (D:6)
  A steam dragon (D:7)
  Edmund (D:4)
  An orc warrior (D:3)
  A black bear (D:4)
  A sky beast (D:7)
  An ogre (D:5)
  A necrophage (D:5)
  3 centaurs
  A phantom (D:6)
  A gnoll sergeant (D:6)
  2 bullfrogs
  A wyvern zombie (D:5)
  A water moccasin skeleton (D:4)
  6 killer bees (D:7)
  A wyvern skeleton (D:7)
  2 howler monkeys
  5 hounds
  A gnoll shaman (D:6)
  An orc priest (D:7)
  2 bullfrog skeletons
  A centaur skeleton (D:5)
  3 orc wizards
  4 iguanas
  2 hound zombies (D:5)
  A hound skeleton (D:5)
  A howler monkey zombie (D:7)
  11 gnolls
  6 adders
  2 white imps
  An ufetubus (D:7)
  An adder skeleton (D:5)
  3 dart slugs
  19 orcs
  7 ball pythons
  12 endoplasms
  2 giant cockroaches
  6 goblins
  6 hobgoblins
  15 jackals
  6 kobolds
  8 quokkas
  3 bats
  A frilled lizard (D:2)
  8 rats
165 creatures vanquished.

Notes
Turn   | Place    | Note
-------+----------+-------------------------------------------
     0 | D:1      | nikku the Minotaur Berserker began the quest for the Orb.
     0 | D:1      | Reached XP level 1. HP: 19/19 MP: 0/0
   351 | D:1      | Reached XP level 2. HP: 21/27 MP: 1/1
   526 | D:1      | Found a faded altar of an unknown god.
   527 | D:1      | Noticed a golden eye
   529 | D:1      | Noticed a golden eye
   529 | D:1      | Noticed an eye of devastation
   529 | D:1      | Noticed a golden eye
  1538 | D:2      | Reached XP level 3. HP: 27/33 MP: 2/2
  1823 | D:3      | Reached ** piety under Trog
  1967 | D:3      | Noticed an orc warrior
  1999 | D:3      | Reached XP level 4. HP: 41/41 MP: 3/3
  2274 | D:3      | HP: 1/61 [orc warrior/+0 trident (7)]
  2275 | D:3      | Killed an orc warrior
  2276 | D:3      | Reached skill level 5 in Fighting
  2276 | D:3      | Reached skill level 5 in Axes
  2276 | D:3      | Reached XP level 5. HP: 2/48 MP: 4/4
  2739 | D:3      | Found a shimmering blue altar of Sif Muna.
  3231 | D:4      | Noticed Edmund
  3245 | D:4      | Killed Edmund
  3246 | D:4      | Reached skill level 5 in Armour
  3246 | D:4      | Reached XP level 6. HP: 57/57 MP: 5/5
  3701 | D:4      | Found a glowing golden altar of the Shining One.
  3744 | D:4      | Reached XP level 7. HP: 58/63 MP: 6/6
  3823 | D:5      | Entered Level 5 of the Dungeon
  3903 | D:5      | Reached *** piety under Trog
  3916 | D:5      | Found an ancient bone altar of Kikubaaqudgha.
  4221 | D:5      | Found Zuedurgh's Lightly-Used Armoury.
  4622 | D:5      | Reached XP level 8. HP: 63/65 MP: 7/7
  4968 | D:6      | Noticed Grinder
  4975 | D:6      | Killed Grinder
  5458 | D:6      | Noticed a manticore
  5461 | D:6      | Found a hazy altar of Hepliaklqana.
  5462 | D:6      | Found a transporter.
  5463 | D:6      | Found a sacrificial altar of Ru.
  5468 | D:6      | Found a transporter.
  5480 | D:6      | Reached XP level 9. HP: 76/82 MP: 8/8
  5484 | D:6      | Killed a manticore
  5731 | D:6      | Found a staircase to the Ecumenical Temple.
  6846 | D:7      | Reached skill level 10 in Axes
  6857 | D:7      | Reached skill level 10 in Fighting
  7128 | D:8      | Quit the game

Illustrated notes

Levels and vault maps discovered:
D:1:      wander_arrival_chamber, layout_basic,
          hellmonk_ecumenical_altar_watching_god, corexii_corridor_pit
D:2:      layout_loops_ring
D:3:      minmay_recursive_quarters, layout_rooms, fedhas_altar_4,
          kennysheep_orc_sif_temple, guppyfry_early_orc_mine
D:4:      layout_basic, tso_altar, moated_statue, uniq_edmund
D:5:      layout_basic, minmay_shop_damaged, dk_noncrumbling_3,
          minmay_ruined_shrine
D:6:      layout_basic, gammafunk_temple_overflow_arena,
          minmay_temple_entry_offerings, uniq_grinder
D:7:      layout_basic, st_stairs_8
D:8:      layout_loops_ring, roderic_batcave

Skill      XL: |  1  2  3  4  5  6  7  8  9 |
---------------+----------------------------+-----
Axes           | 4 5 6 7 9 10 | 10.1
Fighting       | 4 5 6 7 8 10 | 10.0
Armour         | 3 4 5 6 8 9 |  9.6
Dodging        | |  2.1

Action                   |  1- 3 |  4- 6 |  7- 9 || total
-------------------------+-------+-------+-------++-------
Melee: Hand axe          |    79 |   110 |       ||   189
       Headbutt          |    11 |    22 |    44 ||    77
       War axe           |       |    15 |   208 ||   223
Invok: Berserk           |     1 |     2 |     2 ||     5
       Trog's Hand       |       |     5 |     6 ||    11
  Use: Scroll            |     5 |     4 |     4 ||    13
Armor: Animal skin       |     3 |       |       ||     3
       Plate armour      |    38 |    75 |   157 ||   270
Dodge: Dodged            |    35 |    42 |   101 ||   178

Table legend: (Time is in decaauts)
 A = Elapsed time spent in this place.
 B = Non-inter-level travel time spent in this place.
 C = Inter-level travel time spent in this place.
 D = Time resting spent in this place.
 E = Time spent auto-exploring this place.
 F = Levels seen in this place.
 G = Mean time per level.
                   A        B        C        D        E       F      G
               +--------+--------+--------+--------+--------+-----+--------+
         Total |   7199 |   7042 |    157 |    331 |   5737 |   8 |  899.9 |
       Dungeon |   7199 |   7042 |    157 |    331 |   5737 |   8 |  899.9 |
               +--------+--------+--------+--------+--------+-----+--------+

Top non-repeatable levels by time:
     D:7: 1334 daAuts
     D:3: 1255 daAuts
     D:1: 1084 daAuts
     D:5: 1082 daAuts
     D:6: 921 daAuts
     D:2: 916 daAuts
     D:4: 602 daAuts
     D:8: 1 daAuts
